 Dungeon Crawl Stone Soup version 0.19-b1-5-gdc9fa9d (webtiles) character file.

4186 Peloso the Carver (level 10, 0/83 HPs)
             Began as a Ghoul Fighter on Nov 1, 2016.
             Was a Priest of Okawaru.
             Killed by divine providence
             ... invoked by an orc priest
              (17 damage)
             ... on level 8 of the Dungeon.
             The game lasted 00:23:09 (6302 turns).

Peloso the Carver (Ghoul Fighter)                   Turns: 6302, Time: 00:23:10

Health: 0/83       AC: 17    Str: 24    XL:     10   Next: 29%
Magic:  9/9        EV:  6    Int:  3    God:    Okawaru [***...]
Gold:   373        SH: 10    Dex: 11    Spells: 0 memorised, 9 levels left

rFire  x . .     SeeInvis .     s - +3 long sword (freeze)
rCold  + + .     Gourm    .     C - +0 plate armour
rNeg   + + +     Faith    .     c - +0 shield
rPois  ∞         Spirit   .     q - +0 helmet
rElec  .         Reflect  .     (no cloak)
rCorr  .         Harm     .     j - +0 pair of gloves
MR     .....                    t - +0 pair of boots
Stlth  ..........               (no amulet)
                                I - +3 ring of strength
                                m - ring of ice

@: rotting
A: rotting body, claws 1, carnivore 3, cold resistance 1, negative energy
resistance 3, slow regeneration 1, torment resistance, unbreathing
a: Heroism, Renounce Religion


You were on level 8 of the Dungeon.
You worshipped Okawaru.
Okawaru was most pleased with you.
You were hungry.

You visited 2 branches of the dungeon, and saw 9 of its levels.

You collected 503 gold pieces.
You spent 130 gold pieces at shops.

Inventory:

Hand Weapons
 s - a +3 long sword of freezing (weapon)
 B - a +0 halberd of flaming
 J - the +8 hand axe of Excruciating Pain {pain, rF+}
   (You found it on level 6 of the Dungeon)

   In the hands of one skilled in necromantic magic, it inflicts extra damage on
   living creatures.
   It protects you from fire.
Armour
 b - a +0 scale mail
 c - a +0 shield (worn)
 j - a +0 pair of gloves (worn)
 q - a +0 helmet (worn)
 t - a +0 pair of boots (worn)
 C - a +0 plate armour (worn)
Jewellery
 m - a ring of ice (left hand)
 I - a +3 ring of strength (right hand)
 K - an uncursed ring of wizardry {unknown}
Wands
 a - a wand of polymorph (10/24)
 v - a wand of iceblast (6/15)
 x - a wand of confusion (39/48)
Scrolls
 i - 7 scrolls of remove curse
 k - a scroll of holy word {unknown}
 u - a scroll of enchant weapon
 w - 4 scrolls of identify
 y - a scroll of recharging {unknown}
 z - 2 scrolls of amnesia {unknown}
 D - 2 scrolls of fear {unknown}
 E - a scroll of torment {unknown}
 H - a scroll of enchant armour {unknown}
Potions
 d - a potion of flight
 e - 2 potions of resistance
 g - 2 potions of invisibility
 h - 3 potions of curing
 l - a potion of beneficial mutation
 n - a potion of cure mutation
 p - a potion of ambrosia
 r - a potion of agility
 G - 3 potions of heal wounds
Comestibles
 f - 3 meat rations
 o - 2 slices of pizza
 A - a royal jelly
 F - 2 beef jerkies
 L - 3 chunks of flesh


   Skills:
 + Level 6.2 Fighting
 + Level 9.0 Long Blades
 + Level 7.0 Armour
 + Level 2.3 Dodging
 + Level 1.3 Stealth
 + Level 6.2 Shields
 + Level 1.2 Invocations


You had 9 spell levels left.
You didn't know any spells.

Dungeon Overview and Level Annotations

Branches:
Dungeon (8/15)             Temple (1/1) D:4
   Lair: D:8-11

Altars:
Ashenzari
Cheibriados
Dithmenos
Elyvilon
Fedhas
Gozag
Hepliaklqana
Kikubaaqudgha
Makhleb
Nemelex Xobeh
Okawaru
Qazlal
Ru
Sif Muna
Trog
Uskayaw
Vehumet
Xom
Yredelemnul
Zin
The Shining One

Shops:
D:7 :?*?


Innate Abilities, Weirdness & Mutations

Your body is rotting away.
You thrive on raw meat.
You are immune to poison.
You have sharp fingernails.
You are carnivorous and can eat meat at any time.
Your flesh is cold resistant. (rC+)
You are immune to negative energy. (rN+++)
You regenerate slowly when monsters are visible.
You are immune to unholy pain and torment.
You can survive without breathing.


Message History

You kill the bullfrog!
Okawaru accepts your kill.
Your Long Blades skill increases to level 9!
The orc warrior hits you from afar with a halberd.
The orc priest mumbles some strange prayers to Beogh against you.
Beogh smites you!
* * * LOW HITPOINT WARNING * * *
The orc priest mumbles some strange prayers to Beogh against you.
You struggle to resist.
There is an open door here.
There is an open door here.
There is an open door here.
There is an open door here.
The orc priest invokes the aid of Beogh against you.
Beogh smites you!
* * * LOW HITPOINT WARNING * * *
There is a stone staircase leading up here.
The orc priest invokes the aid of Beogh against you.
Beogh smites you!
You die...

####.#.#.#.#.#.#.###o######.
#....#.#.#.#.#.#.# #..# #.
#....#.#.....#.#.####.#####.
#....#.#.#[..#.#..........(.
#....#.........#######'#####
#....######.######..........
#....'............).........
#....#............o..(......
#....#.....@...o............
######......................
#......................
####################'##
#.).................)..
#.###############.###.#
##'########### #≈#'#≈##.
#............# #_..._##.
#............# ########.


You could see an orc warrior and an orc priest.

Vanquished Creatures
  The ghost of Banto the Carver, a novice HESk of Okawaru (D:8)
  A troll (D:8)
  Sigmund (D:2)
  A spriggan (D:7)
  A water moccasin (D:7)
  An ice beast (D:5)
  2 black bears (D:8)
  A necrophage (D:8)
  An orc warrior (D:7)
  2 phantoms
  4 ogres
  2 centaurs
  3 bullfrogs (D:8)
  A scorpion (D:4)
  4 wights (D:6)
  4 howler monkeys
  6 crimson imps
  5 hounds
  A jelly (D:7)
  3 orc priests
  A gnoll shaman (D:5)
  Jessica (D:3)
  A centaur skeleton (D:4)
  3 iguanas
  11 orc wizards
  5 worker ants
  2 worker ant zombies (D:5)
  5 gnolls (D:5)
  11 adders
  A shadow imp (D:7)
  An ooze (D:3)
  An adder zombie (D:5)
  2 worms (D:2)
  2 dart slugs
  6 leopard geckos
  11 orcs
  A ball python (D:2)
  3 giant cockroaches
  12 goblins
  7 hobgoblins
  8 jackals
  3 quokkas
  4 bats
  2 frilled lizards
  9 kobolds
  A leopard gecko skeleton (D:4)
  2 leopard gecko zombies
  10 rats
171 creatures vanquished.

Notes
Turn   | Place    | Note
-------+----------+-------------------------------------------
     0 | D:1      | Peloso the Ghoul Fighter began the quest for the Orb.
     0 | D:1      | Reached XP level 1. HP: 19/19 MP: 0/0
   251 | D:1      | Reached XP level 2. HP: 21/25 MP: 1/1
   277 | D:1      | Reached skill level 2 in Long Blades
   862 | D:2      | Reached XP level 3. HP: 23/30 MP: 2/2
  1112 | D:2      | Reached XP level 4. HP: 32/38 MP: 3/3
  1303 | D:2      | Noticed Sigmund
  1320 | D:2      | Killed Sigmund
  1320 | D:2      | Reached skill level 3 in Long Blades
  1320 | D:2      | Reached XP level 5. HP: 45/45 MP: 4/4
  1320 | D:2      | Reached XP level 6. HP: 51/51 MP: 5/5
  1703 | D:2      | Found a snail-covered altar of Cheibriados.
  1837 | D:3      | Reached skill level 4 in Long Blades
  2081 | D:3      | Noticed Jessica
  2087 | D:3      | Killed Jessica
  2547 | D:4      | Reached XP level 7. HP: 44/59 MP: 6/6
  2587 | D:4      | Reached skill level 1 in Dodging
  2665 | D:4      | Found a blossoming altar of Fedhas.
  2667 | D:4      | Found an ancient bone altar of Kikubaaqudgha.
  2667 | D:4      | Found a burning altar of Makhleb.
  2750 | D:4      | Found a staircase to the Ecumenical Temple.
  2777 | Temple   | Entered the Ecumenical Temple
  2846 | Temple   | Became a worshipper of Warmaster Okawaru
  3080 | D:5      | Entered Level 5 of the Dungeon
  3098 | D:5      | Reached skill level 5 in Long Blades
  3098 | D:5      | Reached skill level 1 in Stealth
  3125 | D:5      | Reached * piety under Okawaru
  3166 | D:5      | Reached XP level 8. HP: 34/67 MP: 7/7
  3710 | D:5      | Reached skill level 5 in Armour
  3848 | D:5      | Reached skill level 6 in Long Blades
  4351 | D:6      | Reached ** piety under Okawaru
  4351 | D:6      | Reached skill level 5 in Shields
  4447 | D:6      | Got a pitted hand axe
  4448 | D:6      | Identified the +8 hand axe of Excruciating Pain {pain, rF+} (You found it on level 6 of the Dungeon)
  4480 | D:6      | Reached XP level 9. HP: 57/72 MP: 8/8
  4784 | D:6      | Reached skill level 7 in Long Blades
  4903 | D:7      | Found Olefrebe's Magic Scroll Boutique.
  4912 | D:7      | Bought a scroll of identify for 20 gold pieces
  4912 | D:7      | Bought a scroll of identify for 20 gold pieces
  4937 | D:7      | Reached skill level 5 in Fighting
  5171 | D:7      | Found Vetomete's General Store.
  5215 | D:7      | Reached skill level 8 in Long Blades
  5215 | D:7      | Reached skill level 1 in Invocations
  5253 | D:7      | Found a hazy altar of Hepliaklqana.
  5469 | D:7      | Found Basch's Magic Scroll Emporium.
  5472 | D:7      | Bought a scroll of enchant weapon for 90 gold pieces
  5504 | D:7      | Found Gazximag's Book Shop.
  5602 | D:8      | Noticed Banto's ghost (novice HESk)
  5660 | D:8      | Killed Banto's ghost
  5660 | D:8      | Reached *** piety under Okawaru
  5660 | D:8      | Reached XP level 10. HP: 59/83 MP: 9/9
  5951 | D:8      | Found a shimmering altar of Xom.
  5951 | D:8      | Found a hide-covered altar of Uskayaw.
  6253 | D:8      | Reached skill level 9 in Long Blades
  6302 | D:8      | Killed from afar by an orc priest

Skill      XL: |  1  2  3  4  5  6  7  8  9 10 |
---------------+-------------------------------+-----
Long Blades    | 2 3 4 5 6 8 9 |  9.0
Armour         | 3 4 5 6 7 |  7.0
Shields        | 3 4 5 6 |  6.2
Fighting       | 4 5 6 |  6.2
Dodging        | 1 2 |  2.3
Stealth        | 1 |  1.3
Invocations    | 1 |  1.2

Action                   |  1- 3 |  4- 6 |  7- 9 | 10-12 || total
-------------------------+-------+-------+-------+-------++-------
Melee: Long sword        |   107 |   163 |   553 |    58 ||   881
Invok: Heroism           |       |       |     6 |     2 ||     8
  Use: Potion            |       |     1 |       |       ||     1
       Scroll            |       |     3 |    14 |       ||    17
  Eat: Chunk             |     2 |     7 |    14 |     1 ||    24
Armor: Scale mail        |    50 |    97 |    28 |       ||   175
       Plate armour      |       |       |   256 |    35 ||   291
Dodge: Dodged            |    30 |    52 |    89 |    10 ||   181
Block: Shield            |    39 |    96 |   214 |    38 ||   387
       Rpst.: Long sword |     9 |    20 |    20 |     2 ||    51
